 Dungeon Crawl Stone Soup version 0.29.1-1-gd02db6906a (webtiles) character file.

Game seed: 8212108027705824444

148 MisterFreud the Slicer (level 5, -2/37 HPs)
             Began as a Gnoll Wanderer on Sept 18, 2022.
             Slain by a river rat (7 damage)
             ... on level 3 of the Dungeon.
             The game lasted 00:02:26 (2531 turns).

MisterFreud the Slicer (Gnoll Wanderer)             Turns: 2531, Time: 00:02:27

Health: -2/37      AC:  3    Str:  8    XL:     5   Next: 30%
Magic:  12/12      EV: 12    Int: 13    God:
Gold:   103        SH:  0    Dex: 21    Spells: 13/14 levels left

rFire   . . .      SeeInvis .   a - +2 short sword
rCold   . . .      Faith    .   (no shield)
rNeg    . . .      Spirit   .   d - +0 robe
rPois   .          Reflect  .   e - +0 helmet
rElec   .          Harm     .   (no cloak)
rCorr   .          Rampage  .   (no gloves)
Will    .....                   (no boots)
Stlth   +.........              m - amulet of magic regeneration
HPRegen 0.12/turn               n - +6 ring of dexterity
MPRegen 0.53/turn               (no ring)

@: about to teleport, very slow
A: fangs 1, strong nose, distributed training
a: no special abilities


You were on level 3 of the Dungeon.
You visited 1 branch of the dungeon, and saw 3 of its levels.

You collected 103 gold pieces.

Inventory:

Hand Weapons
 a - a +2 short sword (weapon)
Missiles
 k - 8 poisoned darts
 o - 4 curare-tipped darts
Armour
 d - a +0 robe (worn)
 e - a +0 helmet (worn)
Jewellery
 m - an amulet of magic regeneration (around neck)
 n - a +6 ring of dexterity (left hand)
Wands
 b - a wand of flame (7)
Scrolls
 f - a scroll of immolation
 h - a scroll of butterflies {unknown}
 j - 2 scrolls of identify
Potions
 c - 2 potions of attraction
 i - a potion of berserk rage {unknown}
 l - a potion of degeneration {unknown}
 p - a potion of magic {unknown}


   Skills:
 + Level 1.5 Fighting
 + Level 8.6 Short Blades
 + Level 1.5 Long Blades
 + Level 1.5 Axes
 + Level 1.5 Maces & Flails
 + Level 1.5 Polearms
 + Level 1.5 Staves
 + Level 1.5 Ranged Weapons
 + Level 1.5 Throwing
 + Level 1.5 Armour
 + Level 1.5 Dodging
 + Level 1.5 Stealth
 + Level 1.5 Shields
 + Level 1.5 Unarmed Combat
 + Level 5.2 Spellcasting
 + Level 1.2 Conjurations
 + Level 1.2 Hexes
 + Level 1.2 Summonings
 + Level 1.2 Necromancy
 + Level 1.2 Translocations
 + Level 1.2 Transmutations
 + Level 1.2 Fire Magic
 + Level 1.2 Ice Magic
 + Level 2.4 Air Magic
 + Level 1.2 Earth Magic
 + Level 1.2 Poison Magic
 + Level 1.7 Invocations
 + Level 6.7 Evocations


You had 13 spell levels left.
You knew the following spells:

 Your Spells              Type           Power      Damage    Failure   Level
a - Shock                 Conj/Air       32%        1d5       9%          1

Your spell library contained the following spells:

 Spells                   Type           Power      Damage    Failure   Level
 Mephitic Cloud           Conj/Pois/Air  7%         N/A       28%         3
 Stone Arrow              Conj/Erth      12%        3d7       32%         3
 Animate Armour           Summ/Erth      12%        N/A       73%         4
 Lehudib's Crystal Spear  Conj/Erth      3%         10d2      100%        8


Dungeon Overview and Level Annotations

Branches:
Dungeon (3/15)

Altars:


Innate Abilities, Weirdness & Mutations

You have very sharp teeth.
Your uncanny sense of smell can sniff out nearby items.
Your experience applies equally to all skills.


Message History

The worm misses you.
Your unstable footing causes you to fumble your attack.
You puncture the worm! You bite the worm, but do no damage.
The worm is severely wounded.
A river rat comes into view.
Your unstable footing causes you to fumble your attack.
The worm bites you.
You puncture the worm!
You kill the worm!
You hit the river rat but do no damage. The river rat closely misses you.
You hit the river rat but do no damage. The river rat barely misses you.
You hit the river rat but do no damage.
You bite the river rat, but do no damage.
You closely miss the river rat.
You bite the river rat, but do no damage.
The river rat bites you!
Your unstable footing causes you to fumble your attack.
The river rat bites you!
* * * LOW HITPOINT WARNING * * *
You are too injured to fight recklessly!
You hit the river rat but do no damage.
Your unstable footing causes you to fumble your attack.
The river rat bites you.
* * * LOW HITPOINT WARNING * * *
The river rat closely misses you. The river rat attacks as you move away!
The river rat closely misses you.
As you read the scroll labelled VOYSOS NAQAOZ, it crumbles to dust.
It is a scroll of identify.
f - a scroll of immolation The river rat misses you.
As you read the scroll labelled PYN ZIMPET, it crumbles to dust.
You feel strangely unstable.
It was a scroll of teleportation.
The river rat misses you. The river rat attacks as you move away!
The river rat barely misses you. The river rat bites you.
* * * LOW HITPOINT WARNING * * *
The river rat attacks as you move away! The river rat closely misses you.
You hear the brisk rusting of a drain.
The river rat attacks as you move away! The river rat bites you!
You die...

#.###.# #########.......#
#.#.... ##~..~~~~##......#
#.#.#.# #~#######~#.......
#.#.#.# #~# #~##...### #<#.#.#
#~# #~##...# #.....## #~#
#~###### #......# #.# #~# ###
#.#.##.# #.# #†# #..
#.#.##.####@#####~#.# #.#
##.#.##...###r~~~†##~# #.#
#.........# #######.## ####.#
#..####...# ##.....## #.....
#..# ##..## ##.......###.##.#
###..###....###.........##.#...
.......†......+.........'......
###.###.....###.........##.#...
#.###.#.### ##.......###.##.#


You could see a river rat.

Vanquished Creatures
  3 gnolls (D:3)
  6 adders (D:2)
  3 worms (D:3)
  3 dart slugs
  7 ball pythons
  5 bats
  6 endoplasms
  3 giant cockroaches
  A goblin (D:1)
  4 hobgoblins
  6 kobolds
  2 quokkas
  3 frilled lizards
  6 rats
58 creatures vanquished.

Vanquished Creatures (others)
  2 plants (D:1)
2 creatures vanquished.

Grand Total: 60 creatures vanquished

Notes
Turn   | Place    | Note
-------+----------+-------------------------------------------
     0 | D:1      | MisterFreud the Gnoll Wanderer began the quest for the Orb.
     0 | D:1      | MisterFreud set off with the following items: a +2 short
                  | sword, a wand of flame (7), a potion of attraction, a +0
                  | robe; and the following spell memorised: Shock; and the
                  | following spells available to memorise: Mephitic Cloud.
     0 | D:1      | Reached XP level 1. HP: 13/13 MP: 6/6
   374 | D:1      | Reached XP level 2. HP: 19/19 MP: 7/7
   649 | D:1      | Found a faded altar of an unknown god.
   894 | D:1      | Reached skill level 5 in Spellcasting
   894 | D:1      | Reached XP level 3. HP: 20/25 MP: 7/9
  1198 | D:2      | Reached skill level 1 in Invocations
  1232 | D:2      | Reached skill level 1 in Fighting
  1232 | D:2      | Reached skill level 1 in Long Blades
  1232 | D:2      | Reached skill level 1 in Axes
  1232 | D:2      | Reached skill level 1 in Maces & Flails
  1232 | D:2      | Reached skill level 1 in Polearms
  1232 | D:2      | Reached skill level 1 in Staves
  1232 | D:2      | Reached skill level 1 in Ranged Weapons
  1232 | D:2      | Reached skill level 1 in Throwing
  1232 | D:2      | Reached skill level 1 in Armour
  1232 | D:2      | Reached skill level 1 in Dodging
  1232 | D:2      | Reached skill level 1 in Stealth
  1232 | D:2      | Reached skill level 1 in Shields
  1232 | D:2      | Reached skill level 1 in Unarmed Combat
  1441 | D:2      | Reached XP level 4. HP: 22/32 MP: 11/11
  1672 | D:2      | Reached skill level 1 in Conjurations
  1672 | D:2      | Reached skill level 1 in Hexes
  1672 | D:2      | Reached skill level 1 in Summonings
  1672 | D:2      | Reached skill level 1 in Necromancy
  1672 | D:2      | Reached skill level 1 in Translocations
  1672 | D:2      | Reached skill level 1 in Transmutations
  1672 | D:2      | Reached skill level 1 in Fire Magic
  1672 | D:2      | Reached skill level 1 in Ice Magic
  1672 | D:2      | Reached skill level 1 in Earth Magic
  1672 | D:2      | Reached skill level 1 in Poison Magic
  2242 | D:3      | Reached XP level 5. HP: 35/37 MP: 12/12
  2531 | D:3      | Slain by a river rat

Illustrated notes

Levels and vault maps discovered:
D:1:      roderic_chinese_lattice_arrival, layout_basic,
          shapermc_ecumenical_altar_mp_ritualfount, dreamdust_princess_corridor
D:2:      layout_rooms, minmay_hexomino_c4
D:3:      layout_loops_corners, nicolae_overflow_hidden_temple,
          gup_sewer_entry_spiral, serial_shops, nicolae_square_shop

Skill      XL: |  1  2  3  4 |
---------------+-------------+-----
Air Magic      | 2 |  2.4
Spellcasting   | 5 |  5.2
Invocations    | 1 |  1.7
Fighting       | 1 |  1.5
Long Blades    | 1 |  1.5
Axes           | 1 |  1.5
Maces & Flails | 1 |  1.5
Polearms       | 1 |  1.5
Staves         | 1 |  1.5
Ranged Weapons | 1 |  1.5
Throwing       | 1 |  1.5
Armour         | 1 |  1.5
Dodging        | 1 |  1.5
Stealth        | 1 |  1.5
Shields        | 1 |  1.5
Unarmed Combat | 1 |  1.5
Conjurations   | 1 |  1.2
Hexes          | 1 |  1.2
Summonings     | 1 |  1.2
Necromancy     | 1 |  1.2
Translocations | 1 |  1.2
Transmutations | 1 |  1.2
Fire Magic     | 1 |  1.2
Ice Magic      | 1 |  1.2
Earth Magic    | 1 |  1.2
Poison Magic   | 1 |  1.2
Short Blades   | |  8.6
Evocations     | |  6.7

Action                   |  1- 3 |  4- 6 || total
-------------------------+-------+-------++-------
Melee: Short sword       |   104 |   110 ||   214
       Bite              |     8 |    16 ||    24
       Punch             |     1 |       ||     1
  Use: Scroll            |       |     2 ||     2
 Stab: Sleeping          |     2 |     2 ||     4
Armor: Robe              |    24 |    10 ||    34
Dodge: Dodged            |    46 |    47 ||    93
